 Zot Defence DCSS version 0.15.2 (webtiles) character file.

205 shmeve the Skirmisher (level 5, -13/10 (48) HPs)
             Began as a Minotaur Berserker on May 24, 2016.
             Was a Follower of Trog.
             Mangled by Ogrik the orc warrior
             ... wielding a +0 hand axe
              (18 damage)
             ... in the Realm of Zot (Scenario I: Hall of Zot).
             The game lasted 00:05:40 (543 turns).

shmeve the Skirmisher (Minotaur Berserker)           Turns: 543, Time: 00:05:41

HP -13/10 (48)   AC  2     Str 23      XL: 5   Next: 53%
MP   2/2         EV 12     Int  4      God: Trog [*.....]
Gold 0           SH  0     Dex  9      Spells:  0 memorised,  4 levels left

rFire  . . .     SeeInvis .     a - +0 hand axe
rCold  . . .     Clarity  .     b - +0 animal skin
rNeg   . . .     rCorr    .     (no shield)
rPois  .         rRot     .     (helmet restricted)
rElec  .         Spirit   .     (no cloak)
SustAb .         Warding  .     (no gloves)
rMut   .         Stasis   .     (no boots)
Gourm  .                        (no amulet)
MR     ++...                    (no ring)
                                (no ring)

@: lethally poisoned, exhausted, regenerating, slowed, very slow, very resistant
to hostile enchantments, very unstealthy
A: retaliatory headbutt, horns 2
a: Make oklob sapling, Make arrow trap, Make plant, Remove Curse, Make burning
bush, Burn Spellbooks, Berserk, Renounce Religion


You were in the Realm of Zot.
You worshipped Trog.
Trog was aware of your devotion.
You were not hungry.

You visited 1 branch

Inventory:

Hand weapons
 a - a +0 hand axe (weapon)
Armour
 b - a +0 animal skin (worn)
Comestibles
 d - a bread ration
Scrolls
 i - a scroll of blinking
Potions
 c - 3 potions of curing
 e - a potion of heal wounds
 f - a potion of haste
 g - 2 potions of magic
 h - a potion of berserk rage


   Skills:
 * Level 5.1 Fighting
 * Level 5.1 Axes
 + Level 1.4 Throwing
 + Level 3.6 Armour
 + Level 2.9 Dodging


You had 4 spell levels left.
You didn't know any spells.

Dungeon Overview and Level Annotations

Branches:
    Zot (1/1)

Altars:


Innate Abilities, Weirdness & Mutations

You reflexively headbutt those who attack you in melee.
You have a pair of horns on your head.


Message History

* * * LOW HITPOINT WARNING * * *
You feel sick.
A rat and an orc warrior come into view.
Things that are here:
a stone; a glowing short sword; a kobold corpse An arrow hits the rat!
Things that are here:
a dagger of draining; a rotting goblin corpse
* * * LOW HITPOINT WARNING * * *
You feel sick.
Items here: %% ) 0 [ Are you sure you want to leave the Orb unguarded?
Okay, then.
Use which ability? (? or * to list)
Your skin crawls.
You feel resistant to hostile enchantments.
You can no longer call upon Trog for regeneration and protection from hostile enchantments.
You hit Ogrik but do no damage.
You feel sick. Ogrik hits you with a hand axe!!
Ouch! That really hurt!
You die...

######### ######### ....####
####.... .......### ###.......
.........## ##.........
..........# ▓▓▓▓▓▓▓▓▓ #..........
........g.▓▓▓.......▓▓▓..........
..........▓▓.........▓▓..........
........(.▓.....()%%..▓((........
........(.^)(.(o@)r.)(^.(........
..........▓....%......▓..........
..........▓▓.........▓▓..........
..........▓▓▓.......▓▓▓..........
..........▓ ▓▓▓▓▓▓▓▓▓ ▓..........
.........▓▓ ▓▓.........
.......▓▓▓ ▓▓▓....... ....▓▓▓▓
▓▓▓▓.... ▓▓▓▓▓▓▓▓ ▓▓▓▓▓▓▓▓


You could see Ogrik the orc warrior and a rat.

Vanquished Creatures
  An orc warrior (Zot)
  2 giant mites (Zot)
  A worm (Zot)
  A giant gecko (Zot)
  An ooze (Zot)
  2 ball pythons (Zot)
  3 giant cockroaches (Zot)
  A goblin (Zot)
  5 bats (Zot)
  4 rats (Zot)
21 creatures vanquished.

Vanquished Creatures (collateral kills)
  A bat (Zot)
  A giant cockroach (Zot)
  A hobgoblin (Zot)
  6 kobolds (Zot)
  A ball python (Zot)
  A giant newt (Zot)
  5 goblins (Zot)
  5 rats (Zot)
21 creatures vanquished.

Vanquished Creatures (others)
  An oklob sapling (Zot)
  2 hobgoblins (Zot)
  3 kobolds (Zot)
  3 goblins (Zot)
  A rat (Zot)
10 creatures vanquished.

Grand Total: 52 creatures vanquished

Notes
Turn   | Place    | Note
--------------------------------------------------------------
     0 | Zot      | shmeve, the Minotaur Berserker, began the quest for the Orb.
     0 | Zot      | Reached XP level 1. HP: 19/19 MP: 1/1
   219 | Zot      | Reached XP level 2. HP: 14/14 MP: 1/1
   225 | Zot      | Reached skill level 4 in Axes
   314 | Zot      | Reached XP level 3. HP: 20/20 MP: 2/2
   424 | Zot      | Reached XP level 4. HP: 14/28 MP: 2/2
   515 | Zot      | Noticed an orc warrior
   525 | Zot      | Killed an orc warrior
   525 | Zot      | Reached skill level 5 in Fighting
   525 | Zot      | Reached skill level 5 in Axes
   525 | Zot      | Reached skill level 1 in Throwing
   525 | Zot      | Reached XP level 5. HP: 23/25 MP: 2/2
   533 | Zot      | Acquired Trog's second power
   540 | Zot      | Noticed Ogrik
   543 | Zot      | Mangled by Ogrik the orc warrior

Action                   |  1- 3 |  4- 6 || total
-------------------------+-------+-------++-------
Melee: Hand axe          |    23 |    10 ||    33
Throw: Stone             |     7 |     4 ||    11
Invok: Berserk           |     1 |     1 ||     2
       Trog's Hand       |       |     1 ||     1
 Abil: Make oklob saplin |     1 |       ||     1
       Make arrow trap   |     2 |       ||     2
